Map: Terminal stellaire EC (Void)

Players

iNcontroL

  • Race: Terran Terran
  • League: Diamond

zuka - Winner!

  • Race: Protoss Protoss
  • League: Diamond

VOD

Have the link to the VOD?

Description

Time

  • Played on: Aug. 13, 2015, 3:10 a.m.
  • Length: 6:04
Show
View Real Time Build Order
Export as new Build Order

iNcontroL Terran 

Build Orders: Command Center First (CC) 

Get SALT Encoding   

  12  0:01  SCV  
  13  0:13  SCV  
  14  0:20  Supply Depot  
  14  0:25  SCV  
  15  0:41  SCV  
  16  0:54  SCV  
  17  1:03  Command Center  
  17  1:07  SCV  
  18  1:15  Barracks  
  18  1:19  SCV  
  19  1:26  Refinery  
  19  1:33  SCV  
  19  1:36  Refinery  
  20  1:45  SCV  
  21  2:02  Marine  
  21  2:03  Orbital Command  
  22  2:18  Bunker  
  22  2:20  Marine  
  23  2:26  Factory  
  23  2:34  SCV  
  23  2:35  Orbital Command  
  24  2:39  Marine  
  24  2:45  Bunker  
  24  2:57  Marine  
  22  3:01  SCV x2  
  17  3:14  Marine  
  15  3:20  SCV x2  
  15  3:21  Widow Mine  
  17  3:32  SCV  
  17  3:33  SCV  
  18  3:36  Marine  
  19  3:47  SCV  
  20  3:49  SCV  
  20  3:54  Marine  
  20  3:59  SCV  
  20  4:01  SCV  
  21  4:03  Widow Mine  
  23  4:11  SCV  
  23  4:12  Marine  
  23  4:13  SCV  
  23  4:16  Starport  
  26  4:23  SCV  
  27  4:25  SCV  
  27  4:30  Marine  
  29  4:35  SCV  
  29  4:37  SCV  
  29  4:38  Factory Tech Lab  
  11  5:30  Orbital Command  
Show
View Real Time Build Order
Export as new Build Order

zuka Protoss - Winner!

Build Orders: Mass Adepts 

Get SALT Encoding   

  12  0:10  Pylon  
  12  0:13  Probe  
  13  0:28  Gateway  
  13  0:30  Probe (Chrono Boost)  
  14  0:41  Probe (Chrono Boost)  
  15  0:46  Assimilator  
  15  0:47  Probe (Chrono Boost)  
  16  0:59  Probe  
  16  1:01  Gateway  
  17  1:11  Probe  
  17  1:17  Cybernetics Core  
  18  1:23  Probe  
  18  1:25  Assimilator  
  19  1:35  Probe  
  19  1:39  Pylon  
  20  1:48  Probe  
  21  1:57  Adept x2 (Chrono Boost)  
  21  1:59  Warp Gate (Chrono Boost)  
  21  2:00  Probe  
  26  2:12  Probe  
  27  2:18  Robotics Facility  
  27  2:29  Pylon  
  27  2:35  Probe  
  28  2:45  Adept  
  28  2:47  Mothership Core, Adept  
  34  3:07  Warp Prism (Chrono Boost)  
  34  3:11  Gateway  
  32  3:39  Gateway  
  32  3:43  Gateway  
  32  4:07  Observer (Chrono Boost)  
  33  4:15  Adept x2  
  37  4:32  Pylon  
  37  4:34  Pylon  
  37  4:53  Adept x3  
  37  4:54  Adept x2  
  47  5:12  Nexus  
  47  5:22  Probe  
  47  5:28  Stargate  
  48  5:29  Stargate  
  48  5:31  Pylon  
  48  5:34  Probe  
  49  5:38  Adept  
  49  5:39  Adept x2  
Tags
 
Add a new tag
Caveats
  • Supply blocks, unpowered buildings, or Contaminate may cause inaccurate times.
  • Supply counts are checked every 10 seconds.